 Dungeon Crawl Stone Soup version 0.21.1-1-g345015f (webtiles) character file.

458 suicidejoker the Sneak (level 7, -11/46 HPs)
             Began as an Octopode Assassin on Apr 15, 2018.
             Mangled by a two-headed ogre
             ... wielding a +0 giant club
              (20 damage)
             ... on level 5 of the Dungeon on Apr 16, 2018.
             The game lasted 00:07:53 (5056 turns).

suicidejoker the Sneak (Octopode Assassin)          Turns: 5056, Time: 00:07:53

Health: -11/46     AC:  1    Str: 12    XL:     7   Next: 6%
Magic:  12/12      EV: 14    Int: 17    God:
Gold:   210        SH:  0    Dex: 13    Spells: 8/13 levels left

rFire    . . .     SeeInvis .   a - +6 dagger
rCold    . . .     Gourm    .   (no shield)
rNeg     . . .     Faith    .   (helmet restricted)
rPois    .         Spirit   .   (no amulet)
rElec    .         Reflect  .   m - +3 ring of intelligence
rCorr    .         Harm     .   (no ring)
MR       .....                  (no ring)
Stlth    ++++......             (no ring)
HPRegen  0.15/turn              (no ring)
MPRegen  0.13/turn              (no ring)
                                (no ring)
                                (no ring)

@: no status effects
A: almost no armour, stealthy swim, amphibious, 8 rings, constrict 8, camouflage
1, gelatinous body 1
a: no special abilities


You were on level 5 of the Dungeon.
You were not hungry.

You visited 1 branch of the dungeon, and saw 5 of its levels.

You collected 210 gold pieces.

Inventory:

Hand Weapons
 a - a +6 dagger (weapon)
 b - a +0 blowgun
 j - a +0 mace of draining
 l - a +4 quarterstaff of chaos
Missiles
 c - 24 poisoned needles
 d - 2 curare-tipped needles
 g - 11 sling bullets
 k - 169 stones (quivered)
 n - 56 bolts
 q - a throwing net
 u - 60 arrows
Jewellery
 m - a +3 ring of intelligence (left tentacle)
Scrolls
 e - 6 scrolls of teleportation
 r - 2 scrolls of fear
Potions
 h - 2 potions of curing {unknown}
 i - a potion of degeneration {unknown}
 o - 3 potions of flight
 p - 2 potions of lignification {unknown}
 s - 2 potions of brilliance {unknown}
 w - a potion of magic {unknown}
 x - a potion of invisibility {unknown}
Books
 t - a book of Minor Magic

   Spells                             Type                      Level
   a - Magic Dart                     Conjuration                  1
   b - Blink                          Translocation                2
   c - Call Imp                       Summoning                    2
   d - Slow                           Hexes                        2
   e - Conjure Flame                  Conjuration/Fire             3
   f - Mephitic Cloud                 Conjuration/Poison/Air       3
Comestibles
 f - 4 rations


   Skills:
 + Level 3.4 Fighting
 + Level 3.4 Short Blades
 - Level 2.0 Throwing
 + Level 2.8 Dodging
 + Level 6.7 Stealth
 * Level 3.5 Spellcasting
 + Level 0.0 Conjurations
 + Level 0.0 Translocations
 + Level 0.0 Air Magic
 + Level 0.0 Poison Magic


You had 8 spell levels left.
You knew the following spells:

 Your Spells              Type           Power        Failure   Level  Hunger
a - Blink                 Tloc           N/A          26%         2    ##.....
b - Mephitic Cloud        Conj/Pois/Air  #.......     45%         3    ###....


Dungeon Overview and Level Annotations

Branches:
Dungeon (5/15)
 Temple: D:4-7

Altars:
Makhleb
Ru
Trog
Wu Jian
Xom
Yredelemnul
The Shining One


Innate Abilities, Weirdness & Mutations

You cannot wear most types of armour.
You are very stealthy in the water. (Stealth+)
You are amphibious.
You can wear up to eight rings at the same time.
You can use your tentacles to constrict eight enemies at once.
Your skin changes colour to match your surroundings (Stealth+).
Your rubbery body absorbs attacks. (AC +1, EV +1)


Message History

The poisoned needle hits the two-headed ogre.
The two-headed ogre looks as sick as possible!
The two-headed ogre is lightly wounded.
An adder zombie comes into view.
A frilled lizard comes into view.
You see here a ration.
Wield which item (- for none, * to show all)? (? for menu, Esc to quit)
a - a +6 dagger (weapon)
The two-headed ogre hits you with a giant club!! x2
* * * LOW HITPOINT WARNING * * *
Wield which item (- for none, * to show all)? (? for menu, Esc to quit)
Okay, then.
Okay, then.
You hit the two-headed ogre. You squeeze the two-headed ogre!
The two-headed ogre is severely wounded.
You hit the two-headed ogre.
The two-headed ogre is almost dead.
The two-headed ogre closely misses you.
The two-headed ogre hits you with a giant club!!
You die...

#..............
#.#####.#.#..[####..
#.............###
#######.#.......#
#.#.##....#
#.#.......#
#.#.#.....#
#.#.#.#+### #.#@#.#
# #######.#O..#.####
#.......##%.(..(((
#.###............(
#.####.......( ...
#........ ####
#........ .........
.........


You could see a two-headed ogre.

Vanquished Creatures
  A scorpion (D:4)
  A crimson imp (D:4)
  2 hounds (D:4)
  3 orc priests (D:4)
  Crazy Yiuf (D:2)
  An orc wizard (D:3)
  A worker ant (D:4)
  An adder (D:4)
  4 gnolls
  A worm (D:4)
  2 dart slugs
  3 leopard geckos (D:2)
  11 orcs
  3 bats
  3 giant cockroaches
  8 goblins
  11 hobgoblins
  3 jackals (D:4)
  A quokka (D:2)
  A ball python (D:3)
  7 frilled lizards
  6 kobolds
75 creatures vanquished.

Notes
Turn   | Place    | Note
-------+----------+-------------------------------------------
     0 | D:1      | suicidejoker the Octopode Assassin began the quest for the Orb.
     0 | D:1      | Reached XP level 1. HP: 14/14 MP: 1/1
   103 | D:1      | Reached XP level 2. HP: 19/19 MP: 2/2
   459 | D:1      | Reached skill level 1 in Spellcasting
   705 | D:1      | Reached XP level 3. HP: 19/24 MP: 4/4
  1162 | D:2      | Found a shimmering altar of Xom.
  1445 | D:2      | Found a basalt altar of Yredelemnul.
  1448 | D:2      | Found a glowing golden altar of the Shining One.
  1451 | D:2      | Found a bloodstained altar of Trog.
  1717 | D:2      | Found a runed door.
  1784 | D:2      | Found a burning altar of Makhleb.
  1912 | D:2      | Noticed Crazy Yiuf
  1919 | D:2      | Killed Crazy Yiuf
  1919 | D:2      | Reached XP level 4. HP: 16/30 MP: 6/6
  2141 | D:3      | Found an ornate altar of the Wu Jian Council.
  2337 | D:3      | Found a sacrificial altar of Ru.
  2346 | D:3      | Reached XP level 5. HP: 35/35 MP: 8/8
  2611 | D:3      | Reached skill level 6 in Stealth
  3376 | D:4      | Reached XP level 6. HP: 29/42 MP: 8/10
  4436 | D:4      | HP: 2/42 [orc priest/divine providence (11)]
  4438 | D:4      | Reached XP level 7. HP: 2/46 MP: 12/12
  4981 | D:5      | Entered Level 5 of the Dungeon
  5009 | D:5      | Learned a level 2 spell: Blink
  5013 | D:5      | Learned a level 3 spell: Mephitic Cloud
  5019 | D:5      | Noticed a two-headed ogre
  5056 | D:5      | Mangled by a two-headed ogre

Skill      XL: |  1  2  3  4  5  6 |
---------------+-------------------+-----
Spellcasting   | 1 2 3 |  3.5
Dodging        | 2 |  2.8
Stealth        | 6 |  6.7
Short Blades   | 3 |  3.4
Fighting       | 3 |  3.4
Throwing       | |  2.0

Action                   |  1- 3 |  4- 6 |  7- 9 || total
-------------------------+-------+-------+-------++-------
Melee: Dagger            |    77 |   122 |     4 ||   203
       Constrict         |    22 |    29 |     1 ||    52
       Tentacles         |     9 |    19 |     2 ||    30
 Fire: Blowgun           |       |       |     7 ||     7
Throw: Stone             |       |     1 |       ||     1
  Use: Scroll            |     6 |     2 |     3 ||    11
 Stab: Sleeping          |    11 |     4 |       ||    15
  Eat: Chunk             |     2 |     4 |       ||     6
       Ration            |       |     1 |     1 ||     2
Armor: Skin              |     6 |     4 |       ||    10
Dodge: Dodged            |    44 |    56 |     2 ||   102
